Chicoutimi Sagueneens vs Portland Pirates

Created - 21 février 2018 at 19:47

Goals
1 2 3 T
Chicoutimi Sagueneens 2 2 1 5
Portland Pirates 1 3 3 7
Shots
1 2 3 T
Chicoutimi Sagueneens 10 13 8 31
Portland Pirates 10 13 11 34

1st period

1. Chicoutimi Sagueneens , Stanislav Galiev 23 (Matt White 22) at 10:36
2. Chicoutimi Sagueneens , Jamie Oleksiak 7 (Rocco Grimaldi 36) at 10:58
3. Portland Pirates , Jake Virtanen 3 (Mike Amadio 14, Ville Pokka 9) at 14:16

Penalties :
Greg Carey (PIR) for Fighting (Major) at 0:19, Jamie Oleksiak (SAG) for Fighting (Major) at 0:19, John Quenneville (PIR) for Roughing (Minor) at 3:06

2nd period

4. Portland Pirates , Jake Virtanen 4 (Greg Carey 38, Mike Amadio 15) at 5:51
5. Portland Pirates , John Quenneville 29 (Ryan Carpenter 43, Greg Carey 39) at 9:17 (PP)
6. Portland Pirates , Jack Roslovic 21 (Kyle Wood 19) at 9:42
7. Chicoutimi Sagueneens , Stanislav Galiev 24 (Matt White 23) at 13:26
8. Chicoutimi Sagueneens , Jacob De La Rose 35 (Iiro Pakarinen 29) at 19:25 (PP)

Penalties :
Joakim Ryan (PIR) for Unsportsmanlike conduct (Major / Game Misconduct) at 0:07, Chris Summers (SAG) for Hooking (Minor) at 9:12, Ville Pokka (PIR) for Slashing (Minor) at 19:19, Ryan Carpenter (PIR) for High sticking (Minor) at 19:30

3rd period

9. Chicoutimi Sagueneens , Gabriel Bourque 24 (Laurent Dauphin 42, Anthony Stolarz) at 1:13 (PP)
10. Portland Pirates , Greg Carey 26 (Justin Falk 20, Ryan Carpenter 44) at 1:55
11. Portland Pirates , Ryan Carpenter 25 (Justin Falk 21, John Quenneville 41) at 8:10
12. Portland Pirates , Greg Carey 27 (David Warsofsky 15) at 19:35

Penalties :
Radel Fazleev (PIR) for Tripping (Minor) at 3:59, Blake Pietila (PIR) for Hooking (Minor) at 10:17, Jean Dupuy (SAG) for Tripping (Minor) at 12:55

Goalie Stats

Ville Husso (SAG), 12 saves from 16 shots - (0,750), 29:42 minutes
Anthony Stolarz (SAG), 15 saves from 18 shots - (0,833), L, 6-5-2, 30:18 minutes
Michael Hutchinson (PIR), 26 saves from 31 shots - (0,839), W, 13-10-0, 60:00 minutes

Players Stats for Chicoutimi Sagueneens

Player Name              G  A  P  +/- PIM S  H  SB GA TA FO     MP     PP MP  PK MP  
------------------------------------------------------------------------------------
Alex Lintuniemi          0  0  0  -1  0   2  2  0  0  2  0/0    23:26   4:47   0:50 
Chris Summers            0  0  0  -2  2   1  0  2  1  2  0/0    28:31   7:44   1:14 
Gabriel Bourque          1  0  1   0  0   3  0  0  1  1  0/0    17:46   5:43   0:00 
Iiro Pakarinen           0  1  1  -2  0   5  3  1  1  1  0/1    21:44   6:05   0:28 
Jacob De La Rose         1  0  1  -2  0   2  1  2  2  0  24/43  22:25   6:07   1:09 
Jamie Oleksiak           1  0  1   0  5   1  5  1  1  1  0/0    28:54   6:43   1:14 
Jean Dupuy               0  0  0  -2  2   1  2  0  0  0  0/0     8:18   0:00   0:00 
Justin Kea               0  0  0   0  0   0  0  0  0  0  0/1     2:56   1:13   0:23 
Laurent Dauphin          0  1  1   0  0   0  1  0  0  0  5/9    18:34   5:46   1:06 
Ludwig Bystrom           0  0  0  -2  0   0  0  1  0  0  0/0    15:42   1:15   0:00 
Matt White               0  2  2   0  0   2  2  0  0  0  3/3    12:01   0:34   0:34 
Maxime Fortunus          0  0  0   0  0   0  1  3  0  0  0/0    21:30   4:47   0:50 
Miikka Salomaki          0  0  0   1  0   3  1  1  0  1  1/1     9:19   0:00   0:00 
Mike Brown               0  0  0  -2  0   0  1  0  0  0  0/0     7:56   0:00   0:00 
Rocco Grimaldi           0  1  1  -2  0   6  0  0  3  0  0/0    21:53   6:14   0:28 
Scott Wilson             0  0  0   0  0   1  3  0  1  1  0/0    17:49   5:46   0:00 
Stanislav Galiev         2  0  2   1  0   2  2  0  0  1  0/0    11:13   1:01   0:00 
Zach Sill                0  0  0  -2  0   2  2  0  0  0  1/1     7:56   0:00   0:00 

Players Stats for Portland Pirates

Player Name              G  A  P  +/- PIM S  H  SB GA TA FO     MP     PP MP  PK MP  
------------------------------------------------------------------------------------
Blake Pietila            0  0  0   0  2   4  1  0  3  2  0/0    18:00   0:48   4:08 
Cole Bardreau            0  0  0   0  0   0  0  0  0  0  0/3     9:24   0:00   0:00 
David Warsofsky          0  1  1   3  0   1  0  0  0  0  0/0    19:34   0:59   1:42 
Greg Carey               2  2  4   3  5   6  2  1  1  1  10/25  21:01   1:16   5:21 
Jack Roslovic            1  0  1   0  0   4  1  0  1  0  5/10   13:24   0:48   0:04 
Jake Virtanen            2  0  2   1  0   4  3  0  1  0  1/1    13:51   0:00   3:51 
Joakim Ryan              0  0  0  -2  15  0  1  0  0  2  0/0     9:17   0:00   1:19 
John Quenneville         1  1  2   3  2   4  2  0  1  1  3/10   21:29   1:16   5:12 
Justin Bailey            0  0  0   0  0   1  2  0  0  1  1/2    13:14   0:48   0:00 
Justin Falk              0  2  2   0  0   2  2  0  0  0  0/0    28:57   1:25   6:32 
Kyle Baun                0  0  0   0  0   0  0  0  0  0  0/0     8:08   0:00   0:00 
Kyle Wood                0  1  1   1  0   0  0  1  1  2  0/0    21:25   1:05   5:53 
Mike Amadio              0  2  2   1  0   1  1  0  0  1  4/6    11:39   0:00   2:16 
Oliver Kylington         0  0  0   1  0   0  0  0  0  0  0/0    17:29   0:00   5:04 
Radel Fazleev            0  0  0   0  2   1  3  0  0  0  0/0    10:41   0:00   0:37 
Ryan Carpenter           1  2  3   2  2   5  2  0  2  0  1/2    18:55   1:16   3:44 
Vaclav Karabacek         0  0  0   0  0   0  0  0  0  0  0/0     9:44   0:00   0:17 
Ville Pokka              0  1  1   2  2   1  2  0  0  0  0/0    20:56   0:39   5:00 

3 Stars

1 - Greg Carey (PIR)
2 - Jake Virtanen (PIR)
3 - Ryan Carpenter (PIR)

Power Play

Chicoutimi Sagueneens - 2 on 6 Attempt(s) - 33,33%
Portland Pirates - 1 on 2 Attempt(s) - 50,00%

Penalty Kill

Chicoutimi Sagueneens - 1 on 2 Attempt(s) - 50,00% - Score 0 goal in Penalty Kill
Portland Pirates - 4 on 6 Attempt(s) - 66,67% - Score 0 goal in Penalty Kill

Team Stat

Chicoutimi Sagueneens - Hits : 26 - Faceoff Wins : 34 - Blocked Shots : 11 - Penalty Minutes : 9
Portland Pirates - Hits : 22 - Faceoff Wins : 25 - Blocked Shots : 2 - Penalty Minutes : 30

Official

Referees : Kevin Pollock and Kelly Sutherland
Linesman : Brian Murphy and Steve Miller

Game Notes

Greg Carey and Jamie Oleksiak fight to a draw at 0:19 of 1st period
Joakim Ryan ejected from game at 0:07 of 2nd period
0:14 of 2nd period - Chicoutimi Sagueneens goal is going for a video replay. After video review, No Goal. The puck has entered the net after making contact with an attacking player’s stick that is above the height of the crossbar.
Anthony Stolarz enters game at 9:42 of 2nd period

Finance

Level 1 -- Attendance: 1444 (72,20%) -- Ticket Income 43 320 $
Level 2 -- Attendance: 760 (76,00%) -- Ticket Income 9 880 $
Total Attendance: 2204 (73,47%)
Total Ticket Income: 53 200 $
Other Income: 26 068 $
Total Income: 79 268 $

Chicoutimi Sagueneens

5 vs 5 Forward 
   Center                   Left Wing                Right Wing               Time % Phy DF OF 
 1 Jacob De La Rose         Iiro Pakarinen           Rocco Grimaldi           40     1   2  2  
 2 Laurent Dauphin          Scott Wilson             Gabriel Bourque          30     1   2  2  
 3 Matt White               Stanislav Galiev         Miikka Salomaki          20     1   2  2  
 4 Zach Sill                Mike Brown               Jean Dupuy               10     1   2  2  

5 vs 5 Defense 
   Defense                  Defense                                           Time % Phy DF OF 
 1 Jamie Oleksiak           Chris Summers                                     40     1   2  2  
 2 Alex Lintuniemi          Maxime Fortunus                                   30     1   2  2  
 3 Ludwig Bystrom           Jamie Oleksiak                                    20     1   2  2  
 4 Chris Summers            Alex Lintuniemi                                   10     1   2  2  

PowerPlay Forward 
   Center                   Left Wing                Right Wing               Time % Phy DF OF 
 1 Jacob De La Rose         Iiro Pakarinen           Rocco Grimaldi           60     1   2  2  
 2 Laurent Dauphin          Scott Wilson             Gabriel Bourque          40     1   2  2  

PowerPlay Defense
   Defense                  Defense                                           Time % Phy DF OF 
 1 Jamie Oleksiak           Chris Summers                                     60     1   2  2  
 2 Alex Lintuniemi          Maxime Fortunus                                   40     1   2  2  

Penalty Kill 4 Players Forward 
   Center                   Wing                     Time % Phy DF OF 
 1 Jacob De La Rose         Laurent Dauphin          60     1   2  2  
 2 Iiro Pakarinen           Rocco Grimaldi           40     1   2  2  

Penalty Kill 4 Players Defense
   Defense                  Defense                  Time % Phy DF OF 
 1 Jamie Oleksiak           Chris Summers            60     1   2  2  
 2 Alex Lintuniemi          Maxime Fortunus          40     1   2  2  

Penalty Kill - 3 Players Forward 
   Forward                                           Time % Phy DF OF 
 1 Jacob De La Rose                                  60     1   2  2  
 2 Laurent Dauphin                                   40     1   2  2  

Penalty Kill - 3 Players Defense
   Defense                  Defense                  Time % Phy DF OF 
 1 Jamie Oleksiak           Chris Summers            60     1   2  2  
 2 Alex Lintuniemi          Maxime Fortunus          40     1   2  2  

4 vs 4 Forward 
   Center                   Wing                     Time % Phy DF OF 
 1 Jacob De La Rose         Laurent Dauphin          60     1   2  2  
 2 Iiro Pakarinen           Rocco Grimaldi           40     1   2  2  

4 vs 4 Defense
   Defense                  Defense                  Time % Phy DF OF 
 1 Jamie Oleksiak           Chris Summers            60     1   2  2  
 2 Alex Lintuniemi          Maxime Fortunus          40     1   2  2  

Last Minutes Offensive
   Center                   Left Wing                Right Wing               Defense                  Defense                  
   Jacob De La Rose         Iiro Pakarinen           Rocco Grimaldi           Jamie Oleksiak           Chris Summers            

Last Minutes Defensive
   Center                   Left Wing                Right Wing               Defense                  Defense                  
   Jacob De La Rose         Iiro Pakarinen           Rocco Grimaldi           Jamie Oleksiak           Chris Summers            

Goaltenders
Starting : Ville Husso              
Backup : Anthony Stolarz          

Extra Forwards
Normal : Justin Kea, Stanislav Galiev, Matt White - PP : Justin Kea, Stanislav Galiev - PK : Matt White
Extra Defensemen
Normal : Ludwig Bystrom, Maxime Fortunus, Jamie Oleksiak - PP : Ludwig Bystrom - PK : Maxime Fortunus, Jamie Oleksiak
Penalty Shots
Jacob De La Rose, Laurent Dauphin, Iiro Pakarinen, Rocco Grimaldi, Scott Wilson

Scratches
Clark Bishop (Healthy), Chris McCarthy (Healthy), Braden Christoffer (Healthy)

Portland Pirates

5 vs 5 Forward 
   Center                   Left Wing                Right Wing               Time % Phy DF OF 
 1 Greg Carey               John Quenneville         Ryan Carpenter           40     1   2  2  
 2 Jack Roslovic            Blake Pietila            Justin Bailey            30     1   2  2  
 3 Mike Amadio              Jake Virtanen            Kyle Baun                20     1   2  2  
 4 Cole Bardreau            Radel Fazleev            Vaclav Karabacek         10     1   2  2  

5 vs 5 Defense 
   Defense                  Defense                                           Time % Phy DF OF 
 1 Joakim Ryan              Justin Falk                                       40     1   2  2  
 2 Kyle Wood                Ville Pokka                                       30     1   2  2  
 3 David Warsofsky          Oliver Kylington                                  20     1   2  2  
 4 Joakim Ryan              Justin Falk                                       10     1   2  2  

PowerPlay Forward 
   Center                   Left Wing                Right Wing               Time % Phy DF OF 
 1 Greg Carey               John Quenneville         Ryan Carpenter           60     1   2  2  
 2 Jack Roslovic            Blake Pietila            Justin Bailey            40     1   2  2  

PowerPlay Defense
   Defense                  Defense                                           Time % Phy DF OF 
 1 Joakim Ryan              Justin Falk                                       60     1   2  2  
 2 Kyle Wood                Ville Pokka                                       40     1   2  2  

Penalty Kill 4 Players Forward 
   Center                   Wing                     Time % Phy DF OF 
 1 John Quenneville         Greg Carey               60     1   2  2  
 2 Ryan Carpenter           Blake Pietila            40     1   2  2  

Penalty Kill 4 Players Defense
   Defense                  Defense                  Time % Phy DF OF 
 1 Joakim Ryan              Justin Falk              60     1   2  2  
 2 Kyle Wood                Ville Pokka              40     1   2  2  

Penalty Kill - 3 Players Forward 
   Forward                                           Time % Phy DF OF 
 1 John Quenneville                                  60     1   2  2  
 2 Greg Carey                                        40     1   2  2  

Penalty Kill - 3 Players Defense
   Defense                  Defense                  Time % Phy DF OF 
 1 Joakim Ryan              Justin Falk              60     1   2  2  
 2 Kyle Wood                Ville Pokka              40     1   2  2  

4 vs 4 Forward 
   Center                   Wing                     Time % Phy DF OF 
 1 John Quenneville         Greg Carey               60     1   2  2  
 2 Ryan Carpenter           Blake Pietila            40     1   2  2  

4 vs 4 Defense
   Defense                  Defense                  Time % Phy DF OF 
 1 Joakim Ryan              Justin Falk              60     1   2  2  
 2 Kyle Wood                Ville Pokka              40     1   2  2  

Last Minutes Offensive
   Center                   Left Wing                Right Wing               Defense                  Defense                  
   Greg Carey               John Quenneville         Ryan Carpenter           Joakim Ryan              Justin Falk              

Last Minutes Defensive
   Center                   Left Wing                Right Wing               Defense                  Defense                  
   Greg Carey               John Quenneville         Ryan Carpenter           Joakim Ryan              Justin Falk              

Goaltenders
Starting : Michael Hutchinson       
Backup : Pheonix Copley           

Extra Forwards
Normal : Mike Amadio, Kyle Baun, Jake Virtanen - PP : Mike Amadio, Kyle Baun - PK : Jake Virtanen
Extra Defensemen
Normal : David Warsofsky, Oliver Kylington, Kyle Wood - PP : David Warsofsky - PK : Oliver Kylington, Kyle Wood
Penalty Shots
John Quenneville, Greg Carey, Ryan Carpenter, Blake Pietila, Jack Roslovic

Scratches
Ben Thomas (Healthy), Brian Cooper (Healthy), Steve Michalek (Healthy)

% Time on Ice - Chicoutimi Sagueneens

Lines # - Real PCT - Wanted PCT - Time Play
Normal Forward
1 - 33% - 40% - 14:48
2 - 28% - 30% - 12:20
3 - 21% - 20% - 9:19
4 - 18% - 10% - 7:56
Normal Defense
1 - 32% - 40% - 14:12
2 - 37% - 30% - 16:23
3 - 23% - 20% - 10:16
4 - 8% - 10% - 3:32
PP Forward
1 - 53% - 60% - 6:49
2 - 47% - 40% - 5:56
PP Defense
1 - 62% - 60% - 7:58
2 - 38% - 40% - 4:47
PK Forward
1 - 77% - 60% - 1:36
2 - 23% - 40% - 0:28
PK Defense
1 - 60% - 60% - 1:14
2 - 40% - 40% - 0:50
PK3 Forward
1 - 0% - 60%
2 - 0% - 40%
PK3 Defense
1 - 0% - 60%
2 - 0% - 40%
44 Forward
1 - 0% - 60%
2 - 0% - 40%
44 Defense
1 - 0% - 60%
2 - 0% - 40%
Last Minute Offensive  - 0:48
Last Minute Defensive  - 0:00
Total
Forward - 60:00
Defense - 60:00

% Time on Ice - Portland Pirates

Lines # - Real PCT - Wanted PCT - Time Play
Normal Forward
1 - 33% - 40% - 14:51
2 - 28% - 30% - 12:38
3 - 17% - 20% - 7:29
4 - 21% - 10% - 9:24
Normal Defense
1 - 47% - 40% - 21:02
2 - 28% - 30% - 12:36
3 - 17% - 20% - 7:27
4 - 7% - 10% - 3:17
PP Forward
1 - 61% - 60% - 1:16
2 - 39% - 40% - 0:48
PP Defense
1 - 69% - 60% - 1:25
2 - 31% - 40% - 0:39
PK Forward
1 - 71% - 60% - 9:00
2 - 29% - 40% - 3:45
PK Defense
1 - 64% - 60% - 8:07
2 - 36% - 40% - 4:38
PK3 Forward
1 - 0% - 60%
2 - 0% - 40%
PK3 Defense
1 - 0% - 60%
2 - 0% - 40%
44 Forward
1 - 0% - 60%
2 - 0% - 40%
44 Defense
1 - 0% - 60%
2 - 0% - 40%
Last Minute Offensive  - 0:00
Last Minute Defensive  - 0:49
Total
Forward - 60:00
Defense - 60:00

Play by Play

1st period


0:01 of 1st period - Jacob De La Rose wins face-off versus John Quenneville in neutral zone.
0:04 of 1st period - Snap shot by Iiro Pakarinen.
0:04 of 1st period - Stopped by Michael Hutchinson without a rebound.
0:05 of 1st period - Jacob De La Rose wins face-off versus Greg Carey in Portland Pirates zone.
0:19 of 1st period - Greg Carey and Jamie Oleksiak fight to a draw.
0:19 of 1st period - Penalty to Greg Carey for Fighting.
0:19 of 1st period - Penalty to Jamie Oleksiak for Fighting.
0:20 of 1st period - Jack Roslovic wins face-off versus Laurent Dauphin in neutral zone.
0:47 of 1st period - Mike Amadio is hit by Stanislav Galiev and loses puck.
1:31 of 1st period - Wrist shot by Rocco Grimaldi.
1:31 of 1st period - Stopped by Michael Hutchinson with a rebound.
2:02 of 1st period - Gabriel Bourque is hit by Radel Fazleev and loses puck.
2:38 of 1st period - Slapshot by Cole Bardreau.
2:38 of 1st period - Shot Misses the Net.
2:44 of 1st period - Snap shot by Radel Fazleev.
2:44 of 1st period - Deflect By Cole Bardreau.
2:44 of 1st period - Shot Misses the Net.
2:44 of 1st period - Puck is out of play.
2:45 of 1st period - Mike Amadio wins face-off versus Jacob De La Rose in Chicoutimi Sagueneens zone.
3:06 of 1st period - Minor Penalty to John Quenneville for Roughing.
3:07 of 1st period - Jake Virtanen wins face-off versus Jacob De La Rose in Portland Pirates zone.
4:32 of 1st period - Chris Summers is hit by Justin Falk and loses puck.
4:45 of 1st period - Maxime Fortunus is hit by Ryan Carpenter and loses puck.
5:06 of 1st period - Penalty to John Quenneville is over, John Quenneville is back on ice.
5:36 of 1st period - Alex Lintuniemi is hit by Greg Carey and loses puck.
6:27 of 1st period - Joakim Ryan is hit by Iiro Pakarinen and loses puck.
6:44 of 1st period - Scott Wilson is hit by John Quenneville and loses puck.
6:53 of 1st period - Wrist shot by Greg Carey.
6:53 of 1st period - Shot Misses the Net.
7:10 of 1st period - Ludwig Bystrom is hit by Jake Virtanen and loses puck.
7:27 of 1st period - Ville Pokka is hit by Stanislav Galiev and loses puck.
7:55 of 1st period - Snap shot by Jake Virtanen.
7:55 of 1st period - Stopped by Ville Husso with a rebound.
7:59 of 1st period - Slapshot by Mike Amadio.
7:59 of 1st period - Stopped by Ville Husso with a rebound.
8:01 of 1st period - Backhand shot by Jake Virtanen.
8:01 of 1st period - Stopped by Ville Husso with a rebound.
8:03 of 1st period - Slapshot by Ville Pokka.
8:03 of 1st period - Deflect By Kyle Baun.
8:03 of 1st period - Shot Hit the Post.
8:03 of 1st period - Puck is out of play.
8:04 of 1st period - Jacob De La Rose wins face-off versus Greg Carey in Chicoutimi Sagueneens zone.
8:04 of 1st period - Jacob De La Rose is hit by Joakim Ryan.
8:59 of 1st period - Wrist shot by Rocco Grimaldi.
8:59 of 1st period - Stopped by Michael Hutchinson without a rebound.
9:00 of 1st period - Miikka Salomaki wins face-off versus John Quenneville in Portland Pirates zone.
9:25 of 1st period - Jack Roslovic is hit by Scott Wilson and loses puck.
9:51 of 1st period - Snap shot by Zach Sill.
9:51 of 1st period - Stopped by Michael Hutchinson without a rebound.
9:52 of 1st period - Matt White wins face-off versus Greg Carey in Portland Pirates zone.
9:57 of 1st period - Snap shot by Matt White.
9:57 of 1st period - Stopped by Michael Hutchinson with a rebound.
9:59 of 1st period - Snap shot by Stanislav Galiev.
9:59 of 1st period - Deflect By Miikka Salomaki.
9:59 of 1st period - Stopped by Michael Hutchinson with a rebound.
10:01 of 1st period - Slapshot by Alex Lintuniemi.
10:01 of 1st period - Stopped by Michael Hutchinson without a rebound.
10:02 of 1st period - Matt White wins face-off versus Greg Carey in Portland Pirates zone.
10:11 of 1st period - John Quenneville is hit by Maxime Fortunus and loses puck.
10:36 of 1st period - Snap shot by Stanislav Galiev.
10:36 of 1st period - Goal by Stanislav Galiev - Chicoutimi Sagueneens : 1 - Portland Pirates : 0.
10:37 of 1st period - Jacob De La Rose wins face-off versus Jack Roslovic in neutral zone.
10:46 of 1st period - Snap shot by Blake Pietila.
10:46 of 1st period - Stopped by Ville Husso with a rebound.
10:48 of 1st period - Slapshot by Joakim Ryan.
10:48 of 1st period - Deflect By Blake Pietila.
10:48 of 1st period - Shot Misses the Net.
10:48 of 1st period - Puck is out of play.
10:49 of 1st period - Jack Roslovic wins face-off versus Jacob De La Rose in Chicoutimi Sagueneens zone.
10:50 of 1st period - Slapshot by Blake Pietila.
10:50 of 1st period - Stopped by Ville Husso with a rebound.
10:56 of 1st period - Snap shot by Rocco Grimaldi.
10:56 of 1st period - Stopped by Michael Hutchinson with a rebound.
10:58 of 1st period - Snap shot by Jamie Oleksiak.
10:58 of 1st period - Goal by Jamie Oleksiak - Chicoutimi Sagueneens : 2 - Portland Pirates : 0.
10:59 of 1st period - Jacob De La Rose wins face-off versus Jack Roslovic in neutral zone.
11:15 of 1st period - Icing by Joakim Ryan.
11:16 of 1st period - Jack Roslovic wins face-off versus Laurent Dauphin in Portland Pirates zone.
12:06 of 1st period - Mike Amadio is hit by Matt White and loses puck.
13:10 of 1st period - Icing by Chris Summers.
13:11 of 1st period - Justin Bailey wins face-off versus Jacob De La Rose in Chicoutimi Sagueneens zone.
13:22 of 1st period - Wrist shot by Blake Pietila.
13:22 of 1st period - Deflect By Jack Roslovic.
13:22 of 1st period - Shot Blocked by Jamie Oleksiak.
13:22 of 1st period - Puck is out of play.
13:23 of 1st period - Jacob De La Rose wins face-off versus Greg Carey in Chicoutimi Sagueneens zone.
13:28 of 1st period - Snap shot by Rocco Grimaldi.
13:28 of 1st period - Shot Misses the Net.
13:53 of 1st period - Jack Roslovic is hit by Scott Wilson and loses puck.
14:16 of 1st period - Snap shot by Jake Virtanen.
14:16 of 1st period - Goal by Jake Virtanen - Chicoutimi Sagueneens : 2 - Portland Pirates : 1.
14:17 of 1st period - Greg Carey wins face-off versus Jacob De La Rose in neutral zone.
15:10 of 1st period - Kyle Wood is hit by Miikka Salomaki.
15:20 of 1st period - Alex Lintuniemi is hit by Radel Fazleev and loses puck.
15:29 of 1st period - Ville Pokka is hit by Zach Sill and loses puck.
15:42 of 1st period - Wrist shot by Ryan Carpenter.
15:42 of 1st period - Shot Blocked by Maxime Fortunus.
17:29 of 1st period - Snap shot by Blake Pietila.
17:29 of 1st period - Stopped by Ville Husso with a rebound.
17:37 of 1st period - Justin Falk is hit by Scott Wilson and loses puck.
17:59 of 1st period - Alex Lintuniemi is hit by Jake Virtanen and loses puck.
18:12 of 1st period - Chris Summers is hit by Justin Falk and loses puck.
18:21 of 1st period - Wrist shot by Cole Bardreau.
18:21 of 1st period - Shot Blocked by Miikka Salomaki.
18:23 of 1st period - Slapshot by Joakim Ryan.
18:23 of 1st period - Shot Blocked by Chris Summers.
18:25 of 1st period - Slapshot by Justin Falk.
18:25 of 1st period - Shot Blocked by Maxime Fortunus.
19:00 of 1st period - Jack Roslovic is hit by Jamie Oleksiak and loses puck.
19:14 of 1st period - Off-side.
19:15 of 1st period - Mike Amadio wins face-off versus Jacob De La Rose in neutral zone.
19:32 of 1st period - Icing by Iiro Pakarinen.
19:33 of 1st period - Ryan Carpenter wins face-off versus Jacob De La Rose in Chicoutimi Sagueneens zone.
19:34 of 1st period - Slapshot by John Quenneville.
19:34 of 1st period - Stopped by Ville Husso without a rebound.
19:35 of 1st period - Greg Carey wins face-off versus Jacob De La Rose in Chicoutimi Sagueneens zone.
19:42 of 1st period - Snap shot by John Quenneville.
19:42 of 1st period - Shot Misses the Net.
19:44 of 1st period - Snap shot by Greg Carey.
19:44 of 1st period - Stopped by Ville Husso with a rebound.
19:46 of 1st period - Snap shot by John Quenneville.
19:46 of 1st period - Stopped by Ville Husso without a rebound.
19:47 of 1st period - Jacob De La Rose wins face-off versus Greg Carey in Chicoutimi Sagueneens zone.
Goals for this period are 2 for Chicoutimi Sagueneens vs 1 for Portland Pirates.
Shots for this period are 10 for Chicoutimi Sagueneens vs 10 for Portland Pirates.

2nd period


0:01 of 2nd period - Jacob De La Rose wins face-off versus Greg Carey in neutral zone.
0:07 of 2nd period - Major / Game Misconduct Penalty to Joakim Ryan for Unsportsmanlike conduct.
0:07 of 2nd period - Joakim Ryan is ejected from game.
0:08 of 2nd period - Jacob De La Rose wins face-off versus John Quenneville in Portland Pirates zone.
0:08 of 2nd period - Slapshot by Iiro Pakarinen.
0:08 of 2nd period - Shot Misses the Net.
0:10 of 2nd period - Snap shot by Chris Summers.
0:10 of 2nd period - Shot Blocked by Greg Carey.
0:12 of 2nd period - Wrist shot by Jacob De La Rose.
0:12 of 2nd period - Shot Misses the Net.
0:14 of 2nd period - Slapshot by Chris Summers.
0:14 of 2nd period - Deflect By Justin Falk.
0:14 of 2nd period - Chicoutimi Sagueneens goal is going for a video replay.
0:14 of 2nd period - The goal is refused. The puck has entered the net after making contact with an attacking player’s stick that is above the height of the crossbar..
0:15 of 2nd period - Greg Carey wins face-off versus Jacob De La Rose in Portland Pirates zone.
0:15 of 2nd period - Greg Carey is hit by Jamie Oleksiak.
1:16 of 2nd period - Off-side.
1:17 of 2nd period - Jacob De La Rose wins face-off versus Ryan Carpenter in neutral zone.
1:44 of 2nd period - Justin Falk is hit by Jacob De La Rose and loses puck.
2:03 of 2nd period - Snap shot by Blake Pietila.
2:03 of 2nd period - Stopped by Ville Husso with a rebound.
2:21 of 2nd period - Ville Pokka is hit by Alex Lintuniemi and loses puck.
4:01 of 2nd period - Iiro Pakarinen is hit by Ville Pokka.
5:07 of 2nd period - Penalty to Joakim Ryan is over, Jake Virtanen is send on ice.
5:20 of 2nd period - John Quenneville is hit by Mike Brown and loses puck.
5:51 of 2nd period - Snap shot by Greg Carey.
5:51 of 2nd period - Deflect By Jake Virtanen.
5:51 of 2nd period - Goal by Jake Virtanen - Chicoutimi Sagueneens : 2 - Portland Pirates : 2.
5:52 of 2nd period - Jacob De La Rose wins face-off versus Jack Roslovic in neutral zone.
7:19 of 2nd period - Icing by Ludwig Bystrom.
7:20 of 2nd period - Laurent Dauphin wins face-off versus Cole Bardreau in Chicoutimi Sagueneens zone.
8:28 of 2nd period - Snap shot by Laurent Dauphin.
8:28 of 2nd period - Shot Misses the Net.
8:30 of 2nd period - Wrist shot by Gabriel Bourque.
8:30 of 2nd period - Stopped by Michael Hutchinson with a rebound.
8:42 of 2nd period - Slapshot by Justin Falk.
8:42 of 2nd period - Shot Misses the Net.
9:09 of 2nd period - Icing by Justin Falk.
9:10 of 2nd period - Jacob De La Rose wins face-off versus Cole Bardreau in Portland Pirates zone.
9:12 of 2nd period - Minor Penalty to Chris Summers for Hooking.
9:13 of 2nd period - Greg Carey wins face-off versus Iiro Pakarinen in Chicoutimi Sagueneens zone.
9:17 of 2nd period - Slapshot by John Quenneville.
9:17 of 2nd period - Goal by John Quenneville - Chicoutimi Sagueneens : 2 - Portland Pirates : 3.
9:18 of 2nd period - Greg Carey wins face-off versus Jacob De La Rose in neutral zone.
9:25 of 2nd period - Iiro Pakarinen is hit by Greg Carey and loses puck.
9:30 of 2nd period - Backhand shot by Ryan Carpenter.
9:30 of 2nd period - Stopped by Ville Husso with a rebound.
9:32 of 2nd period - Snap shot by Ville Pokka.
9:32 of 2nd period - Stopped by Ville Husso without a rebound.
9:33 of 2nd period - Jack Roslovic wins face-off versus Jacob De La Rose in Chicoutimi Sagueneens zone.
9:42 of 2nd period - Slapshot by Jack Roslovic.
9:42 of 2nd period - Goal by Jack Roslovic - Chicoutimi Sagueneens : 2 - Portland Pirates : 4.
9:42 of 2nd period - Anthony Stolarz enters game.
9:43 of 2nd period - Jacob De La Rose wins face-off versus Greg Carey in neutral zone.
10:12 of 2nd period - Slapshot by Jack Roslovic.
10:12 of 2nd period - Stopped by Anthony Stolarz with a rebound.
10:49 of 2nd period - Greg Carey is hit by Zach Sill and loses puck.
10:57 of 2nd period - Snap shot by Alex Lintuniemi.
10:57 of 2nd period - Stopped by Michael Hutchinson without a rebound.
10:58 of 2nd period - Jack Roslovic wins face-off versus Jacob De La Rose in Portland Pirates zone.
10:58 of 2nd period - Jack Roslovic is hit by Jamie Oleksiak.
11:14 of 2nd period - Snap shot by Jack Roslovic.
11:14 of 2nd period - Shot Blocked by Chris Summers.
11:30 of 2nd period - Ville Pokka is hit by Jamie Oleksiak and loses puck.
11:55 of 2nd period - Wrist shot by Matt White.
11:55 of 2nd period - Shot Misses the Net.
12:29 of 2nd period - Snap shot by Justin Bailey.
12:29 of 2nd period - Shot Misses the Net.
12:31 of 2nd period - Slapshot by Justin Falk.
12:31 of 2nd period - Stopped by Anthony Stolarz without a rebound.
12:32 of 2nd period - Greg Carey wins face-off versus Jacob De La Rose in Chicoutimi Sagueneens zone.
13:21 of 2nd period - David Warsofsky is hit by Jamie Oleksiak and loses puck.
13:26 of 2nd period - Snap shot by Stanislav Galiev.
13:26 of 2nd period - Deflect By Jake Virtanen.
13:26 of 2nd period - Goal by Stanislav Galiev - Chicoutimi Sagueneens : 3 - Portland Pirates : 4.
13:27 of 2nd period - Greg Carey wins face-off versus Jacob De La Rose in neutral zone.
13:40 of 2nd period - Snap shot by Greg Carey.
13:40 of 2nd period - Shot Blocked by Jacob De La Rose.
14:15 of 2nd period - David Warsofsky is hit by Alex Lintuniemi and loses puck.
14:25 of 2nd period - Icing by Oliver Kylington.
14:26 of 2nd period - Jacob De La Rose wins face-off versus Mike Amadio in Portland Pirates zone.
14:37 of 2nd period - Slapshot by Jacob De La Rose.
14:37 of 2nd period - Shot Misses the Net.
14:39 of 2nd period - Slapshot by Alex Lintuniemi.
14:39 of 2nd period - Shot Misses the Net.
14:41 of 2nd period - Snap shot by Jacob De La Rose.
14:41 of 2nd period - Stopped by Michael Hutchinson without a rebound.
14:42 of 2nd period - Laurent Dauphin wins face-off versus John Quenneville in Portland Pirates zone.
14:43 of 2nd period - Wrist shot by Scott Wilson.
14:43 of 2nd period - Stopped by Michael Hutchinson with a rebound.
15:09 of 2nd period - Jamie Oleksiak is hit by Justin Bailey and loses puck.
15:14 of 2nd period - Wrist shot by Jack Roslovic.
15:14 of 2nd period - Stopped by Anthony Stolarz with a rebound.
15:34 of 2nd period - Snap shot by Miikka Salomaki.
15:34 of 2nd period - Stopped by Michael Hutchinson with a rebound.
15:36 of 2nd period - Wrist shot by Matt White.
15:36 of 2nd period - Stopped by Michael Hutchinson with a rebound.
15:38 of 2nd period - Snap shot by Miikka Salomaki.
15:38 of 2nd period - Stopped by Michael Hutchinson with a rebound.
15:48 of 2nd period - Snap shot by Kyle Wood.
15:48 of 2nd period - Deflect By Radel Fazleev.
15:48 of 2nd period - Stopped by Anthony Stolarz with a rebound.
16:16 of 2nd period - Jamie Oleksiak is hit by John Quenneville and loses puck.
16:37 of 2nd period - Snap shot by Jack Roslovic.
16:37 of 2nd period - Stopped by Anthony Stolarz without a rebound.
16:38 of 2nd period - Jacob De La Rose wins face-off versus Jack Roslovic in Chicoutimi Sagueneens zone.
16:49 of 2nd period - Slapshot by Iiro Pakarinen.
16:49 of 2nd period - Stopped by Michael Hutchinson with a rebound.
17:04 of 2nd period - Jacob De La Rose is hit by Blake Pietila and loses puck.
17:13 of 2nd period - Slapshot by Rocco Grimaldi.
17:13 of 2nd period - Shot Misses the Net.
17:19 of 2nd period - Rocco Grimaldi is hit by Jack Roslovic and loses puck.
17:48 of 2nd period - Jacob De La Rose is hit by Justin Bailey and loses puck.
17:53 of 2nd period - Slapshot by Justin Bailey.
17:53 of 2nd period - Stopped by Anthony Stolarz without a rebound.
17:54 of 2nd period - Laurent Dauphin wins face-off versus Greg Carey in Chicoutimi Sagueneens zone.
18:21 of 2nd period - Matt White is hit by Mike Amadio and loses puck.
18:40 of 2nd period - Slapshot by Zach Sill.
18:40 of 2nd period - Stopped by Michael Hutchinson without a rebound.
18:41 of 2nd period - Zach Sill wins face-off versus Cole Bardreau in Portland Pirates zone.
18:52 of 2nd period - Wrist shot by Jean Dupuy.
18:52 of 2nd period - Stopped by Michael Hutchinson without a rebound.
18:53 of 2nd period - Laurent Dauphin wins face-off versus Greg Carey in Portland Pirates zone.
19:19 of 2nd period - Minor Penalty to Ville Pokka for Slashing.
19:20 of 2nd period - Jacob De La Rose wins face-off versus John Quenneville in Portland Pirates zone.
19:25 of 2nd period - Snap shot by Jacob De La Rose.
19:25 of 2nd period - Goal by Jacob De La Rose - Chicoutimi Sagueneens : 4 - Portland Pirates : 4.
19:26 of 2nd period - Jacob De La Rose wins face-off versus Greg Carey in neutral zone.
19:30 of 2nd period - Minor Penalty to Ryan Carpenter for High sticking.
19:31 of 2nd period - John Quenneville wins face-off versus Jacob De La Rose in Portland Pirates zone.
19:37 of 2nd period - Wrist shot by Greg Carey.
19:37 of 2nd period - Stopped by Anthony Stolarz with a rebound.
19:44 of 2nd period - Icing by Iiro Pakarinen.
19:45 of 2nd period - John Quenneville wins face-off versus Jacob De La Rose in Chicoutimi Sagueneens zone.
Goals for this period are 2 for Chicoutimi Sagueneens vs 3 for Portland Pirates.
Shots for this period are 13 for Chicoutimi Sagueneens vs 13 for Portland Pirates.

3rd period


0:01 of 3rd period - Jacob De La Rose wins face-off versus John Quenneville in neutral zone.
0:55 of 3rd period - Wrist shot by Gabriel Bourque.
0:55 of 3rd period - Stopped by Michael Hutchinson with a rebound.
1:13 of 3rd period - Wrist shot by Gabriel Bourque.
1:13 of 3rd period - Goal by Gabriel Bourque - Chicoutimi Sagueneens : 5 - Portland Pirates : 4.
1:14 of 3rd period - Jacob De La Rose wins face-off versus Greg Carey in neutral zone.
1:23 of 3rd period - Wrist shot by Rocco Grimaldi.
1:23 of 3rd period - Stopped by Michael Hutchinson without a rebound.
1:24 of 3rd period - Greg Carey wins face-off versus Jacob De La Rose in Portland Pirates zone.
1:41 of 3rd period - Slapshot by Ryan Carpenter.
1:41 of 3rd period - Shot Misses the Net.
1:47 of 3rd period - Snap shot by Greg Carey.
1:47 of 3rd period - Shot Blocked by Maxime Fortunus.
1:49 of 3rd period - Slapshot by Justin Falk.
1:49 of 3rd period - Shot Misses the Net.
1:51 of 3rd period - Snap shot by Ryan Carpenter.
1:51 of 3rd period - Stopped by Anthony Stolarz with a rebound.
1:53 of 3rd period - Snap shot by Justin Falk.
1:53 of 3rd period - Stopped by Anthony Stolarz with a rebound.
1:55 of 3rd period - Snap shot by Greg Carey.
1:55 of 3rd period - Goal by Greg Carey - Chicoutimi Sagueneens : 5 - Portland Pirates : 5.
1:56 of 3rd period - Laurent Dauphin wins face-off versus Greg Carey in neutral zone.
3:32 of 3rd period - Snap shot by Rocco Grimaldi.
3:32 of 3rd period - Stopped by Michael Hutchinson with a rebound.
3:59 of 3rd period - Minor Penalty to Radel Fazleev for Tripping.
4:00 of 3rd period - John Quenneville wins face-off versus Jacob De La Rose in Portland Pirates zone.
4:36 of 3rd period - Backhand shot by Ryan Carpenter.
4:36 of 3rd period - Stopped by Anthony Stolarz with a rebound.
5:53 of 3rd period - Jake Virtanen is hit by Laurent Dauphin and loses puck.
5:59 of 3rd period - Penalty to Radel Fazleev is over, Radel Fazleev is back on ice.
7:11 of 3rd period - Jacob De La Rose is hit by Ryan Carpenter and loses puck.
7:26 of 3rd period - Slapshot by John Quenneville.
7:26 of 3rd period - Stopped by Anthony Stolarz with a rebound.
7:28 of 3rd period - Wrist shot by David Warsofsky.
7:28 of 3rd period - Stopped by Anthony Stolarz with a rebound.
7:30 of 3rd period - Slapshot by Greg Carey.
7:30 of 3rd period - Stopped by Anthony Stolarz with a rebound.
7:38 of 3rd period - Wrist shot by Ryan Carpenter.
7:38 of 3rd period - Stopped by Anthony Stolarz with a rebound.
7:40 of 3rd period - Slapshot by Justin Falk.
7:40 of 3rd period - Shot Misses the Net.
8:06 of 3rd period - Slapshot by John Quenneville.
8:06 of 3rd period - Shot Misses the Net.
8:08 of 3rd period - Slapshot by Justin Falk.
8:08 of 3rd period - Shot Blocked by Ludwig Bystrom.
8:10 of 3rd period - Snap shot by Ryan Carpenter.
8:10 of 3rd period - Goal by Ryan Carpenter - Chicoutimi Sagueneens : 5 - Portland Pirates : 6.
8:11 of 3rd period - Jacob De La Rose wins face-off versus Jack Roslovic in neutral zone.
8:16 of 3rd period - Slapshot by Iiro Pakarinen.
8:16 of 3rd period - Stopped by Michael Hutchinson with a rebound.
8:18 of 3rd period - Slapshot by Alex Lintuniemi.
8:18 of 3rd period - Shot Blocked by Kyle Wood.
8:20 of 3rd period - Wrist shot by Iiro Pakarinen.
8:20 of 3rd period - Stopped by Michael Hutchinson without a rebound.
8:21 of 3rd period - Jacob De La Rose wins face-off versus Justin Bailey in Portland Pirates zone.
8:42 of 3rd period - Backhand shot by Iiro Pakarinen.
8:42 of 3rd period - Stopped by Michael Hutchinson with a rebound.
8:44 of 3rd period - Snap shot by Rocco Grimaldi.
8:44 of 3rd period - Stopped by Michael Hutchinson without a rebound.
8:45 of 3rd period - Mike Amadio wins face-off versus Laurent Dauphin in Portland Pirates zone.
8:52 of 3rd period - Laurent Dauphin is hit by Ville Pokka and loses puck.
9:58 of 3rd period - Snap shot by Zach Sill.
9:58 of 3rd period - Shot Misses the Net.
10:17 of 3rd period - Minor Penalty to Blake Pietila for Hooking.
10:18 of 3rd period - Jacob De La Rose wins face-off versus John Quenneville in Portland Pirates zone.
10:31 of 3rd period - Ville Pokka is hit by Iiro Pakarinen and loses puck.
12:06 of 3rd period - Icing by Laurent Dauphin.
12:07 of 3rd period - Mike Amadio wins face-off versus Laurent Dauphin in Chicoutimi Sagueneens zone.
12:17 of 3rd period - Penalty to Blake Pietila is over, Blake Pietila is back on ice.
12:55 of 3rd period - Minor Penalty to Jean Dupuy for Tripping.
12:56 of 3rd period - Greg Carey wins face-off versus Jacob De La Rose in Chicoutimi Sagueneens zone.
13:07 of 3rd period - Snap shot by Greg Carey.
13:07 of 3rd period - Deflect By John Quenneville.
13:07 of 3rd period - Shot Misses the Net.
13:07 of 3rd period - Puck is out of play.
13:08 of 3rd period - Jacob De La Rose wins face-off versus Greg Carey in Chicoutimi Sagueneens zone.
13:19 of 3rd period - Wrist shot by John Quenneville.
13:19 of 3rd period - Shot Misses the Net.
14:55 of 3rd period - Penalty to Jean Dupuy is over, Jean Dupuy is back on ice.
15:09 of 3rd period - Snap shot by Vaclav Karabacek.
15:09 of 3rd period - Shot Misses the Net.
16:18 of 3rd period - Kyle Wood is hit by Jean Dupuy and loses puck.
17:15 of 3rd period - Oliver Kylington is hit by Iiro Pakarinen and loses puck.
17:32 of 3rd period - Jean Dupuy is hit by Radel Fazleev and loses puck.
17:39 of 3rd period - Radel Fazleev is hit by Jean Dupuy and loses puck.
18:38 of 3rd period - Jake Virtanen is hit by Matt White.
18:39 of 3rd period - Icing by Jake Virtanen.
18:40 of 3rd period - Greg Carey wins face-off versus Justin Kea in Portland Pirates zone.
18:53 of 3rd period - Jamie Oleksiak is hit by Jake Virtanen and loses puck.
19:10 of 3rd period - Wrist shot by Ryan Carpenter.
19:10 of 3rd period - Shot Misses the Net.
19:12 of 3rd period - Slapshot by Ville Pokka.
19:12 of 3rd period - Shot Blocked by Jacob De La Rose.
19:14 of 3rd period - Snap shot by Greg Carey.
19:14 of 3rd period - Stopped by Anthony Stolarz without a rebound.
19:15 of 3rd period - Alain Nasreddine call a timeout for Chicoutimi Sagueneens.
19:15 of 3rd period - Jacob De La Rose wins face-off versus Greg Carey in Chicoutimi Sagueneens zone.
19:33 of 3rd period - Slapshot by David Warsofsky.
19:33 of 3rd period - Shot Blocked by Iiro Pakarinen.
19:35 of 3rd period - Snap shot by Greg Carey.
19:35 of 3rd period - Goal by Greg Carey - Chicoutimi Sagueneens : 5 - Portland Pirates : 7.
19:36 of 3rd period - Matt White wins face-off versus Mike Amadio in neutral zone.
Goals for this period are 1 for Chicoutimi Sagueneens vs 3 for Portland Pirates.
Shots for this period are 8 for Chicoutimi Sagueneens vs 11 for Portland Pirates.